 Dungeon Crawl Stone Soup version 0.31-a0-321-g19405a7a6a (webtiles) character file.

Game seed: 14018020854116411241

5 marky1606 the Changeling (level 1, 0/16 HPs)
             Began as a Demonspawn Shapeshifter on July 17, 2023.
             Slain by a ball python (2 damage)
             ... on level 1 of the Dungeon.
             The game lasted 00:00:28 (64 turns).

marky1606 the Changeling (Demonspawn Shapeshifter)    Turns: 64, Time: 00:00:29

Health: 0/16       AC:  2    Str: 15    XL:     1   Next: 66%
Magic:  1/1        EV:  9    Int:  9    God:
Gold:   0          SH:  0    Dex: 13    Spells: 0/0 levels left

rFire   . .          .
                       - Unarmed
rCold   . . .        (no shield)
rNeg    . . .        a - +0 animal skin
rPois   .            (helmet currently unavailable)
rElec   .            (cloak currently unavailable)
rCorr   .            (gloves currently unavailable)
SInv    .            (boots currently unavailable)
Will    .....        (no amulet)
Stlth   +            (no ring)
HPRegen 0.22/turn    (no ring)
MPRegen 0.07/turn

%: no passive effects
@: beast-form, constricted
A: beast (slay +2)
a: Begin Untransformation


You were on level 1 of the Dungeon.
You were a hulking beast.
You visited 1 branch of the dungeon, and saw 1 of its levels.

Inventory:

Armour
 a - a +0 animal skin (worn)
Talismans
 c - a beast talisman
Potions
 b - a potion of lignification


   Skills:
 + Level 2.0 Fighting
 + Level 1.8 Dodging
 + Level 1.8 Unarmed Combat
 * Level 2.9 Shapeshifting


You couldn't memorise any spells.
You didn't know any spells.
Your spell library was empty.

Dungeon Overview and Level Annotations

Branches:
Dungeon (1/15)

Altars:


Message History

You closely miss the goblin. The goblin barely misses you.
You closely miss the goblin. The goblin misses you.
The goblin attacks as you move away! The goblin hits you with a +0 club.
The quokka attacks as you move away! The quokka bites you.
The quokka closely misses you. The quokka attacks as you move away!
The quokka bites you but does no damage.
The goblin attacks as you move away! The goblin hits you but does no damage.
The quokka misses you. The quokka attacks as you move away!
The quokka bites you but does no damage.
The goblin attacks as you move away! The goblin hits you with a +0 club.
The quokka twitches its whiskers.
The goblin attacks as you move away! The goblin hits you with a +0 club.
You hit the quokka.
The quokka is heavily wounded.
The quokka bites you.
* * * LOW HITPOINT WARNING * * *
You barely miss the quokka.
The quokka is heavily wounded.
The quokka barely misses you. x2
You closely miss the quokka.
The quokka is heavily wounded.
The quokka closely misses you.
You hit the quokka.
You kill the quokka!
You barely miss the ball python. Your punch misses the ball python.
The ball python bites you.
* * * LOW HITPOINT WARNING * * *
The ball python closely misses you.
You hit the ball python.
The ball python is heavily wounded.
The ball python barely misses you. The ball python grabs you.
The ball python constricts you. The ball python barely misses you.
The ball python constricts you.
* * * LOW HITPOINT WARNING * * *
You barely miss the ball python.
The ball python is heavily wounded.
The ball python bites you.
You die...

#.....................# #.
########..............##.....##..
......................##.##.....#
....###'#.............#..........
. ####.#####..###....##.......#
##..#.#..##..# #....##...)...#
#.#.#.#.#.#..# #.#..††...#...#.
#..#...#..#..###K........#.....
####.....####..hSg..............
+.....<.....+.###.#.............
####.....####.##..#..#.####.....
#..#...#..#..##.#.....# ......
#.#.#.#.#.#............ .....#.
##..#.#..####.....#.####...##..
####.#### #.......# ..#. .. #+#
#.......$


You could see a goblin, a ball python and a kobold.

Vanquished Creatures
  A goblin (D:1)
  2 jackals (D:1)
  A quokka (D:1)
4 creatures vanquished.

Notes
Turn   | Place    | Note
-------+----------+-------------------------------------------
     0 | D:1      | marky1606 the Demonspawn Shapeshifter began the quest for
                  | the Orb.
     0 | D:1      | Reached XP level 1. HP: 16/16 MP: 1/1
    64 | D:1      | Slain by a ball python

Illustrated notes

Levels and vault maps discovered:
D:1:      nzn_arrival_crosshair, layout_rooms

Action                     || total
---------------------------++-------
  Melee: Unarmed           ||    14
 Armour: Animal skin       ||     4
  Dodge: Dodged            ||    16

Table legend: (Time is in decaauts)
 A = Elapsed time spent in this place.
 B = Non-inter-level travel time spent in this place.
 C = Inter-level travel time spent in this place.
 D = Time resting spent in this place.
 E = Time spent auto-exploring this place.
 F = Levels seen in this place.
 G = Mean time per level.
                   A        B        C        D        E       F      G
               +--------+--------+--------+--------+--------+-----+--------+
         Total |     63 |     63 |      0 |      0 |     24 |   1 |   63.0 |
       Dungeon |     63 |     63 |      0 |      0 |     24 |   1 |   63.0 |
               +--------+--------+--------+--------+--------+-----+--------+

Top non-repeatable levels by time:
     D:1: 63 daAuts
